Map: 에코 - 래더 (공허)

Players

Maru - Winner!

  • Race: Terran Terran
  • League: Diamond
  • Spawn Location: 11:00

Rex

  • Race: Zerg Zerg
  • Spawn Location: 5:00

Event: WESG 2016 Finals

VOD

Have the link to the VOD?

Description

Time

  • Played on: Jan. 12, 2017, 4:54 a.m.
  • Length: 11:54

All games in this series

Show
View Real Time Build Order
Export as new Build Order

Maru Terran - Winner!

Build Orders: Reaper Expand, MMM Bio 

Get SALT Encoding   

  12  0:00  SCV  
  13  0:12  SCV  
  14  0:17  Supply Depot  
  14  0:25  SCV  
  15  0:39  SCV  
  15  0:40  Barracks  
  16  0:45  Refinery  
  16  0:51  SCV  
  17  1:03  SCV  
  18  1:16  SCV  
  19  1:28  Orbital Command, Reaper  
  20  1:38  Command Center  
  20  1:48  Barracks  
  20  1:53  SCV  
  21  1:59  Supply Depot  
  21  2:02  Barracks Reactor  
  21  2:06  SCV  
  22  2:10  Refinery  
  22  2:18  SCV  
  23  2:24  Factory  
  23  2:30  SCV  
  24  2:37  Barracks Tech Lab  
  24  2:40  Marine x2  
  24  2:42  SCV  
  27  2:50  Orbital Command  
  27  2:54  SCV  
  27  2:56  Marine, Stimpack  
  29  2:58  Marine  
  29  3:03  Marine  
  31  3:06  SCV  
  32  3:13  Starport  
  32  3:17  SCV  
  32  3:18  Factory Reactor  
  33  3:23  Marine x3  
  33  3:26  SCV  
  37  3:29  SCV  
  37  3:33  Supply Depot  
  38  3:41  Marine x3, SCV  
  40  3:43  SCV  
  43  3:53  SCV  
  44  3:55  SCV  
  44  3:57  Supply Depot  
  44  3:58  Marine  
  44  3:59  Medivac  
  44  4:00  Marine  
  44  4:01  Marine  
  50  4:05  SCV, Medivac  
  50  4:08  SCV  
  54  4:18  Supply Depot  
  54  4:19  Marine x3, SCV  
  54  4:20  SCV  
  59  4:24  Engineering Bay  
  59  4:26  Engineering Bay  
  60  4:31  SCV  
  60  4:33  SCV  
  61  4:43  SCV  
  62  4:46  SCV  
  62  4:48  Supply Depot  
  63  4:53  Terran Infantry Armor Level 1, Terran Infantry Weapons Level 1  
  63  4:55  SCV  
  63  4:56  Combat Shields  
  63  4:58  Command Center  
  64  5:01  Marine  
  64  5:02  Marine x2  
  64  5:05  SCV, Supply Depot  
  68  5:10  SCV  
  68  5:13  Factory Reactor  
  69  5:17  SCV  
  70  5:22  SCV  
  70  5:25  Barracks  
  70  5:26  Barracks  
  70  5:27  Barracks  
  71  5:30  SCV  
  71  5:33  Refinery  
  71  5:34  SCV  
  73  5:35  Refinery  
  73  5:40  Marine x3  
  73  5:42  SCV  
  77  5:46  SCV, Medivac  
  77  5:49  Medivac  
  82  5:56  SCV  
  83  5:58  Marine, Supply Depot  
  83  5:59  SCV  
  85  6:08  Supply Depot  
  85  6:09  Widow Mine x2  
  85  6:11  Marine x2  
  90  6:15  Marine  
  92  6:18  Barracks Reactor x3  
  92  6:20  SCV x2  
  92  6:21  Armory  
  94  6:29  Marine  
  94  6:32  SCV x2  
  97  6:43  Marine  
  97  6:44  Marine, SCV x2, Widow Mine x2  
  97  6:45  Medivac  
  97  6:46  Marine  
  107  6:49  Orbital Command  
  107  6:56  SCV  
  107  6:57  SCV  
  107  6:58  Marine x3  
  107  6:59  Marine x2, Medivac  
  116  7:06  Supply Depot  
  116  7:08  SCV  
  117  7:12  Concussive Shells  
  117  7:13  Supply Depot  
  117  7:19  Terran Infantry Weapons Level 2  
  117  7:24  Terran Infantry Armor Level 2  
  117  7:28  Marine x4, SCV, Marauder  
  124  7:35  Marine x4  
  120  7:37  Medivac  
  120  7:38  SCV x2  
  120  7:40  SCV  
  120  7:43  Supply Depot  
  125  7:46  Marine x4  
  125  7:49  Marine  
  125  7:50  SCV  
  130  7:57  Barracks  
  127  7:58  Barracks, Widow Mine x2  
  127  7:59  Barracks  
  127  8:02  Supply Depot  
  127  8:05  Medivac  
  133  8:07  Marine x3, Medivac  
  133  8:08  Marauder  
  140  8:13  Marine  
  141  8:20  Marine x2  
  141  8:24  Marine x2  
  131  8:27  Marine, Widow Mine  
  131  8:28  Marine x2, Widow Mine  
  131  8:29  Marauder  
  131  8:30  Marine  
  131  8:32  Supply Depot  
  131  8:33  Supply Depot  
  141  8:35  Supply Depot  
  141  8:38  Marine  
  141  8:39  Marine  
  123  8:42  Marine  
  125  8:49  Refinery  
  125  8:50  Marine x2, Marauder  
  125  8:51  Marine, Barracks Tech Lab x2  
  125  8:52  Barracks Tech Lab  
  125  8:53  Medivac x2  
  133  8:55  Widow Mine  
  133  8:57  Widow Mine  
  133  9:00  Marine x3  
  137  9:05  Supply Depot  
  137  9:08  Marine x2, Supply Depot  
  137  9:09  Marine x2  
  141  9:10  Command Center  
  141  9:12  Marauder  
  141  9:16  Marine x2, Marauder  
  142  9:19  Marine x3, Marauder  
  137  9:26  Marine  
  137  9:31  Marine x3  
  132  9:32  Medivac x2, Widow Mine x2  
  132  9:33  Marauder  
  132  9:35  Supply Depot x2  
  145  9:45  Marine x5  
  149  9:47  Marine  
  149  9:48  Marine  
  152  9:53  Marine x2, Marauder  
  152  9:54  Marine  
  152  9:59  Marine  
  158  10:02  Marine  
  158  10:05  Marine, Marauder  
  158  10:06  Marauder  
  164  10:08  Missile Turret  
  164  10:13  Marine x2  
  166  10:15  Marauder  
  166  10:17  Marine, Marauder  
  166  10:21  Marine  
  150  10:23  SCV  
  150  10:26  Marauder  
  150  10:27  Marauder  
  152  10:31  Marine x2  
  144  10:36  Marine x2, Marauder  
  143  10:43  Marine  
  143  10:45  Marine x3, Marauder  
  143  10:48  Marauder, Marine  
  151  10:50  Marine x2  
  151  10:53  Planetary Fortress  
  153  10:57  Marauder  
  153  10:58  Marine  
  153  10:59  Marine  
  153  11:00  Marine  
  153  11:02  Marine  
  153  11:03  Marine x2  
  161  11:06  Marauder  
  161  11:09  Missile Turret x2  
  163  11:13  Marine x2  
  163  11:14  Marauder x2  
  163  11:16  Marine  
  163  11:17  Marine  
  171  11:19  Marine  
  171  11:23  Marine x3, Marauder  
  175  11:26  Missile Turret  
  175  11:27  Marine  
  175  11:31  Marine x2  
  177  11:33  Marine  
Show
View Real Time Build Order
Export as new Build Order

Rex Zerg 

Build Orders: Hatch First, Muta Ling Bane 

Get SALT Encoding   

  12  0:00  Drone  
  13  0:08  Drone  
  14  0:16  Overlord  
  14  0:21  Extractor  
  13  0:23  Drone  
  15  0:34  Drone  
  15  0:35  Drone  
  17  0:52  Hatchery  
  17  0:55  Drone  
  17  0:57  Drone  
  18  1:05  Extractor  
  17  1:12  Spawning Pool  
  17  1:16  Drone  
  17  1:19  Drone  
  18  1:26  Drone  
  19  1:37  Overlord  
  19  1:59  Queen, Zergling x4  
  23  2:04  Queen  
  23  2:05  Drone, Metabolic Boost  
  26  2:10  Drone  
  27  2:17  Drone  
  28  2:31  Hatchery  
  27  2:40  Queen  
  29  2:44  Drone x2  
  29  2:50  Drone  
  33  2:51  Drone  
  33  2:55  Overlord  
  33  3:00  Drone x2  
  33  3:05  Drone  
  36  3:15  Drone x3  
  36  3:16  Drone x3  
  42  3:23  Overlord  
  42  3:24  Drone  
  42  3:25  Drone  
  44  3:40  Overlord  
  44  3:41  Queen x2  
  44  3:44  Queen  
  50  3:49  Drone x2  
  50  3:50  Drone  
  50  3:51  Drone  
  50  3:54  Drone x2  
  50  3:55  Drone  
  57  3:57  Drone  
  57  3:59  Drone x2  
  57  4:01  Drone  
  61  4:03  Extractor  
  61  4:04  Overlord  
  60  4:13  Evolution Chamber  
  60  4:14  Evolution Chamber  
  58  4:21  Queen x2  
  62  4:26  Zergling x10  
  67  4:35  Zergling x12  
  73  4:38  Overlord  
  73  4:41  Zerg Melee Weapons Level 1  
  73  4:44  Overlord  
  73  4:46  Zergling x2  
  73  4:49  Zerg Ground Armor Level 1  
  74  5:00  Zergling x8  
  74  5:02  Drone x5  
  83  5:19  Drone x7  
  90  5:23  Hatchery, Lair  
  90  5:28  Baneling Nest  
  88  5:30  Spore Crawler  
  88  5:33  Spore Crawler  
  86  5:40  Overlord x3  
  86  5:42  Overlord  
  86  5:45  Overlord  
  86  5:50  Extractor  
  86  5:51  Extractor  
  86  5:56  Overlord x2  
  84  6:00  Drone x8  
  84  6:01  Drone  
  93  6:08  Queen  
  92  6:20  Baneling x6  
  92  6:23  Centrifical Hooks  
  92  6:24  Drone x2  
  92  6:25  Drone x3  
  96  6:28  Drone x3  
  96  6:29  Drone  
  96  6:31  Extractor  
  96  6:32  Spore Crawler  
  97  6:43  Zergling x2  
  97  6:44  Zergling x12  
  98  6:47  Zerg Melee Weapons Level 2  
  98  6:52  Zerg Ground Armor Level 2  
  98  6:54  Zergling x2  
  98  6:55  Zergling x16  
  108  7:01  Zergling x6  
  108  7:06  Zergling x2  
  108  7:07  Zergling x8  
  115  7:12  Zergling x4  
  117  7:18  Zergling x2  
  117  7:19  Zergling x2  
  119  7:25  Baneling x2, Hatchery  
  119  7:26  Baneling x4, Zergling x10  
  95  7:37  Zergling x2  
  95  7:38  Zergling x10  
  95  7:39  Zergling x8  
  95  7:43  Zergling x2  
  103  7:53  Zergling x8  
  103  7:58  Baneling x7  
  103  7:59  Zergling x2  
  103  8:00  Zergling x8  
  108  8:07  Baneling x2  
  108  8:08  Baneling x3  
  108  8:10  Zergling x8  
  108  8:12  Spire  
  101  8:27  Zergling x12  
  101  8:31  Baneling x5  
  105  8:37  Zergling x2  
  105  8:38  Zergling x6  
  105  8:39  Zergling x2  
  105  8:40  Hatchery x2, Zergling x12  
  98  8:46  Zergling x8  
  101  8:53  Overseer x2  
  99  8:56  Zergling x6  
  99  8:57  Zergling x6  
  99  9:01  Baneling  
  99  9:02  Baneling x11  
  105  9:04  Zergling x8  
  95  9:19  Zergling x2  
  95  9:20  Zergling x8  
  93  9:28  Mutalisk x8  
  108  9:35  Zerg Flyer Weapons Level 1  
  108  9:38  Zergling x8  
  112  9:42  Baneling x2  
  112  9:43  Baneling x5  
  112  9:48  Zergling x8  
  112  10:12  Zergling x20  
  112  10:13  Zergling x18  
  130  10:15  Baneling x5  
  111  10:28  Zergling x2  
  111  10:29  Zergling x14  
  98  10:50  Zergling x20  
  98  10:51  Zergling x2  
  98  10:56  Mutalisk x2  
  98  10:57  Mutalisk x2  
  111  11:00  Spore Crawler, Zergling x2  
  111  11:01  Baneling x8  
  111  11:02  Baneling x4  
  117  11:09  Mutalisk x3  
  123  11:12  Overseer  
  120  11:19  Zergling x16  
  126  11:30  Zergling x22  
  126  11:32  Baneling x6  
Tags
 
Add a new tag
Caveats
  • Supply blocks, unpowered buildings, or Contaminate may cause inaccurate times.
  • Supply counts are checked every 10 seconds.